 Dungeon Crawl Stone Soup version 0.22-a0-570-g58866f5 (webtiles) character file.

5973 Hebeh the Cleaver (level 10, -3/89 HPs)
             Began as a Minotaur Fighter on June 30, 2018.
             Was a Believer of Trog.
             Slain by a killer bee (4 damage)
             ... on level 9 of the Dungeon.
             The game lasted 00:27:46 (9048 turns).

Hebeh the Cleaver (Minotaur Fighter)                Turns: 9048, Time: 00:27:47

Health: -3/89      AC: 23    Str: 24    XL:     10   Next: 55%
Magic:  12/12      EV:  4    Int:  5    God:    Trog [**....]
Gold:   603        SH: 17    Dex: 10    Spells: 9/9 levels left

rFire    . . .     SeeInvis .   a - +0 war axe
rCold    . . .     Gourm    +   e - +0 large shield
rNeg     . . .     Faith    .   q - +0 plate armour
rPois    .         Spirit   .   (helmet restricted)
rElec    .         Reflect  .   (no cloak)
rCorr    .         Harm     .   P - +1 pair of gloves
MR       +....                  p - +1 pair of boots {Fly}
Stlth    ..........             O - amulet of the gourmand
HPRegen  0.24/turn              B - +5 ring of protection
MPRegen  0.13/turn              k - ring of protection from magic

@: lethally poisoned (-3 -> -5), berserk cooldown, slowed, very slow
A: retaliatory headbutt, horns 2
a: Berserk, Trog's Hand, Renounce Religion, Evoke Flight


You were on level 9 of the Dungeon.
You worshipped Trog.
Trog was pleased with you.
You were very full.

You visited 2 branches of the dungeon, and saw 10 of its levels.

You collected 603 gold pieces.

Inventory:

Hand Weapons
 a - a +0 war axe (weapon)
Missiles
 K - 4 javelins (quivered)
Armour
 e - a +0 large shield (worn)
 p - a +1 pair of boots of flying (worn)
 q - a +0 plate armour (worn)
 E - a +0 chain mail of magic resistance
 P - a +1 pair of gloves (worn)
Jewellery
 k - a ring of protection from magic (right hand)
 u - an uncursed ring of protection from cold
 y - a +3 ring of evasion
 B - a +5 ring of protection (left hand)
 O - an amulet of the gourmand (around neck)
Wands
 C - a wand of iceblast (8)
 G - a wand of random effects (25)
Scrolls
 b - a scroll of torment {unknown}
 c - 5 scrolls of enchant armour {unknown}
 h - a scroll of blinking
 i - 3 scrolls of random uselessness {unknown}
 l - 4 scrolls of amnesia {unknown}
 m - 4 scrolls of teleportation {unknown}
 n - a scroll of identify
 z - 2 scrolls of immolation {unknown}
 A - 2 scrolls of noise {unknown}
 H - a scroll of magic mapping {unknown}
 I - 2 scrolls of enchant weapon {unknown}
 L - a scroll of fear {unknown}
 N - a scroll of summoning {unknown}
Potions
 d - a potion of might
 g - 2 potions of resistance
 j - 5 potions of curing
 o - 2 potions of ambrosia
 r - a potion of lignification
 s - a potion of haste
 t - 2 potions of heal wounds {unknown}
 v - a potion of berserk rage {unknown}
 w - a potion of invisibility {unknown}
 D - 2 potions of brilliance
 F - 2 potions of degeneration
 J - 2 potions of flight
Comestibles
 f - 20 rations


   Skills:
 + Level 8.3 Fighting
 * Level 10.6 Axes
 + Level 5.3 Throwing
 + Level 8.3 Armour
 + Level 8.4 Shields
 + Level 4.9 Evocations


You had 9 spell levels left.
You didn't know any spells.
Your spell library contained the following spells:

 Spells                   Type           Power        Failure   Level  Hunger
 Confuse                  Hex            #.......     100%        3    ####...
 Tukima's Dance           Hex            #.......     100%        3    ####...
 Ensorcelled Hibernation  Hex/Ice        #.....       100%        2    ###....
 Corona                   Hex            #......      100%        1    ##.....
 Dazzling Spray           Conj/Hex       #.....       100%        3    ####...


Dungeon Overview and Level Annotations

Branches:
Dungeon (9/15)             Temple (1/1) D:7
   Lair: D:8-11         Orc: D:9-12

Altars:
Cheibriados
Elyvilon
Fedhas
Hepliaklqana
Makhleb
Nemelex Xobeh
Okawaru
Qazlal
Ru
Sif Muna
Trog
Uskayaw
Yredelemnul
The Shining One

Shops:
D:9 [


Innate Abilities, Weirdness & Mutations

You reflexively headbutt those who attack you in melee.
You have a pair of horns on your head.


Message History

You completely miss the killer bee.
* * * LOW HITPOINT WARNING * * *
You feel sick. You block the killer bee's attack. x2
You block the quasit's attack.
The quasit claws you but does no damage.
The quasit barely misses you.
The killer bee stings you but does no damage.
The quasit bites you but does no damage.
You block the quasit's attack.
The quasit claws you but does no damage.
You hit the quasit.
The quasit is lightly wounded.
You slash the killer bee!
* * * LOW HITPOINT WARNING * * *
You feel sick.
The killer bee stings you but does no damage.
You block the killer bee's attack. You block the quasit's attack.
The quasit claws you but does no damage.
The quasit closely misses you. The killer bee stings you.
You die...

#### ...################
..................#
..................#
............).†y@5###
....###[....))......#####
....#.###########........
....'... #........
....#.... '........
....#.... .#........
....# ... ..#........
....# ... .. #........
...## ... #........


You could see a killer bee and a quasit.

Vanquished Creatures
  2 two-headed ogres (D:9)
  Psyche (D:8)
  A troll (D:9)
  A hornet (D:7)
  Grinder (D:5)
  A hippogriff (D:9)
  A spriggan (D:7)
  2 wyverns
  Menkaure (D:6)
  3 phantoms
  A black bear (D:8)
  An ice beast (D:8)
  3 orc warriors
  3 ogres
  4 centaurs
  2 bullfrogs (D:7)
  4 scorpions
  4 killer bees (D:9)
  A howler monkey (D:9)
  A centaur zombie (D:6)
  3 crimson imps
  2 quasits
  2 hounds (D:8)
  3 orc wizards
  3 orc priests
  2 centaur skeletons
  2 jellies (D:6)
  6 iguanas
  Ijyb (D:4)
  8 worker ants
  3 hound skeletons
  2 howler monkey skeletons
  10 adders
  4 shadow imps
  2 oozes
  A worm (D:2)
  2 dart slugs (D:1)
  6 leopard geckos
  36 orcs
  2 ball pythons
  2 giant cockroaches
  9 goblins
  4 hobgoblins
  8 jackals
  3 quokkas
  3 bats
  6 frilled lizards
  5 kobolds
  A quokka skeleton (D:6)
  2 quokka zombies (D:5)
  2 rats (D:2)
183 creatures vanquished.

Notes
Turn   | Place    | Note
-------+----------+-------------------------------------------
     0 | D:1      | Hebeh the Minotaur Fighter began the quest for the Orb.
     0 | D:1      | Reached XP level 1. HP: 19/19 MP: 0/0
   522 | D:1      | Reached XP level 2. HP: 27/27 MP: 1/1
   678 | D:1      | Reached skill level 3 in Axes
  1065 | D:2      | Found a blossoming altar of Fedhas.
  1080 | D:2      | Reached XP level 3. HP: 24/33 MP: 2/2
  1353 | D:2      | Found a white marble altar of Elyvilon.
  1528 | D:2      | Reached XP level 4. HP: 39/40 MP: 3/3
  2086 | D:3      | Reached skill level 4 in Axes
  2858 | D:4      | Found a stormy altar of Qazlal.
  2860 | D:4      | Noticed an earth elemental
  2861 | D:4      | Noticed a water elemental
  2861 | D:4      | Noticed an air elemental
  2861 | D:4      | Noticed a fire elemental
  2884 | D:4      | Reached XP level 5. HP: 47/47 MP: 4/4
  3148 | D:4      | Noticed Ijyb
  3153 | D:4      | Killed Ijyb
  3199 | D:4      | Reached skill level 5 in Axes
  3295 | D:4      | Reached XP level 6. HP: 50/55 MP: 5/5
  3663 | D:5      | Entered Level 5 of the Dungeon
  3703 | D:5      | Found a sacrificial altar of Ru.
  3741 | D:5      | Reached skill level 5 in Fighting
  3741 | D:5      | Reached skill level 5 in Armour
  3741 | D:5      | Reached skill level 5 in Shields
  3797 | D:5      | Noticed Grinder
  3814 | D:5      | Killed Grinder
  3814 | D:5      | Reached skill level 6 in Axes
  3814 | D:5      | Reached skill level 1 in Throwing
  3814 | D:5      | Reached skill level 1 in Evocations
  3814 | D:5      | Reached XP level 7. HP: 46/61 MP: 6/6
  4249 | D:5      | Found a snail-covered altar of Cheibriados.
  4250 | D:5      | Found a basalt altar of Yredelemnul.
  4251 | D:5      | Found an iron altar of Okawaru.
  4251 | D:5      | Found a hide-covered altar of Uskayaw.
  4251 | D:5      | Found a stormy altar of Qazlal.
  4251 | D:5      | Found a bloodstained altar of Trog.
  4256 | D:5      | Found a hazy altar of Hepliaklqana.
  4261 | D:5      | Became a worshipper of Trog the Wrathful
  4889 | D:6      | Reached XP level 8. HP: 27/70 MP: 8/8
  4897 | D:6      | Reached skill level 7 in Axes
  4899 | D:6      | Reached * piety under Trog
  5227 | D:6      | Found a sparkling altar of Nemelex Xobeh.
  5278 | D:6      | You fall through a shaft for 3 floors!
  5540 | D:7      | Found a staircase to the Ecumenical Temple.
  5842 | D:6      | Noticed Menkaure
  5855 | D:6      | Killed Menkaure
  5855 | D:6      | Reached skill level 8 in Axes
  6136 | D:6      | Reached XP level 9. HP: 22/78 MP: 10/10
  6492 | D:6      | Found a burning altar of Makhleb.
  6709 | D:7      | Paralysed by a hornet for 2 turns
  6717 | D:7      | Paralysed by a hornet for 2 turns
  7036 | D:7      | Found a sacrificial altar of Ru.
  7036 | D:7      | Found a deep blue altar of Sif Muna.
  7472 | Temple   | Entered the Ecumenical Temple
  7600 | D:8      | Reached skill level 9 in Axes
  7749 | D:8      | Noticed Psyche
  7759 | D:8      | Killed Psyche
  8246 | D:8      | Reached ** piety under Trog
  8528 | D:9      | Reached XP level 10. HP: 79/88 MP: 12/12
  8574 | D:9      | Found Joihonul's Antique Armour Emporium.
  8592 | D:9      | Found a glowing golden altar of the Shining One.
  8733 | D:9      | Reached skill level 10 in Axes
  8998 | D:9      | Noticed a two-headed ogre
  9001 | D:9      | Noticed a two-headed ogre
  9016 | D:9      | Killed a two-headed ogre
  9016 | D:9      | Reached skill level 5 in Throwing
  9026 | D:9      | Killed a two-headed ogre
  9044 | D:9      | HP: 4/89 [killer bee (5)]
  9048 | D:9      | HP: 1/89 [poisoned by a killer bee]
  9048 | D:9      | Slain by a killer bee

Vault maps used:
D:1:      kilobyte_arrival_exit_the_forest
D:2:      fedhas_altar_2, elyvilon_altar_1
D:3:      first_ration
D:4:      nicolae_qazlal_style_of_elements, uniq_ijyb
D:5:      minitemple, nicolae_ru_awakened_eye, uniq_grinder
D:6:      kennysheep_mini, basic_altar, uniq_menkaure
D:7:      gammafunk_temple_overflow_wave, temple_green, the_bakery, st_stairs_5,
          minivault_10
D:8:      serial_curves, eino_curves_01, eino_curves_02, uniq_psyche
D:9:      kennysheep_mini_moat, serial_shops, shop
Temple:   nicolae_temple_figure_zero

Skill      XL: |  1  2  3  4  5  6  7  8  9 10 |
---------------+-------------------------------+-----
Axes           | 3 4 5 6 8 9 10 | 10.6
Shields        | 4 5 6 7 8 |  8.4
Fighting       | 4 5 6 7 8 |  8.3
Armour         | 4 5 6 7 8 |  8.3
Throwing       | 1 2 3 4 5 |  5.3
Evocations     | 1 2 3 4 |  4.9

Action                   |  1- 3 |  4- 6 |  7- 9 | 10-12 || total
-------------------------+-------+-------+-------+-------++-------
Melee: War axe           |    90 |   148 |   388 |    75 ||   701
       Headbutt          |     9 |    28 |    50 |     9 ||    96
Throw: Javelin           |       |       |    12 |       ||    12
Invok: Berserk           |       |       |       |     1 ||     1
       Trog's Hand       |       |       |       |     1 ||     1
 Abil: Stop Flying       |       |       |     1 |       ||     1
  Use: Scroll            |       |     6 |    10 |       ||    16
       Potion            |       |       |       |     1 ||     1
  Eat: Chunk             |     2 |     6 |    20 |     1 ||    29
       Ration            |       |     1 |     1 |       ||     2
Armor: Scale mail        |    33 |    40 |     4 |       ||    77
       Plate armour      |       |       |   286 |    85 ||   371
Dodge: Dodged            |     9 |    26 |    49 |    20 ||   104
Block: Large shield      |    63 |   129 |   354 |   113 ||   659

Table legend:
 A = Spawn XP
 B = Non-spawn XP
 C = Spawn XP percentage of total XP
 D = Spawn monster count
 E = Non-spawn monster count
 F = Spawn count percentage of total count
 G = Total turns spent on level
                    A         B        C        D         E        F      G
               +---------+---------+-------+---------+---------+-------+---------
         Total |       0 |    8533 |   0.0 |       0 |     183 |   0.0 |  9048
               +---------+---------+-------+---------+---------+-------+---------
           D:1 |       0 |      24 |   0.0 |       0 |      12 |   0.0 |  1044
           D:2 |       0 |      81 |   0.0 |       0 |      21 |   0.0 |   809
           D:3 |       0 |      87 |   0.0 |       0 |      16 |   0.0 |   940
           D:4 |       0 |     228 |   0.0 |       0 |      16 |   0.0 |   870
           D:5 |       0 |     536 |   0.0 |       0 |      11 |   0.0 |   939
           D:6 |       0 |    1491 |   0.0 |       0 |      38 |   0.0 |  1504
           D:7 |       0 |    1000 |   0.0 |       0 |      15 |   0.0 |  1226
           D:8 |       0 |    1488 |   0.0 |       0 |      27 |   0.0 |   939
           D:9 |       0 |    3598 |   0.0 |       0 |      27 |   0.0 |   775
               +---------+---------+-------+---------+---------+-------+---------
